 Dungeon Crawl Stone Soup version 0.31.0-11-ge490571c62 (webtiles) character file.

Game seed: 12251404593397554306

14040 Ashen the Thaumaturge (level 12, -1/91 HPs)
             Began as a Gnoll Hedge Wizard on Jan 27, 2024.
             Was the Champion of Cheibriados.
             Killed from afar by a white imp (8 damage)
             ... with a puff of frost
             ... on level 1 of the Lair of Beasts.
             The game lasted 00:40:41 (13769 turns).

Ashen the Thaumaturge (Gnoll Hedge Wizard)         Turns: 13769, Time: 00:40:43

Health: -1/91      AC: 10    Str: 30    XL:     12   Next: 12%
Magic:  26/26      EV: 20    Int: 37    God:    Cheibriados [******]
Gold:   822        SH: 11    Dex: 28    Spells: 15/31 levels left

rFire   . . .        S - +2 spear (heavy)
rCold   . . .        I - +3 buckler of Somewhere Else {*Corrode rElec Str+2}
rNeg    . . .        n - +1 leather armour of Repulsion {rElec Str+4 Int+4 Slay+3}
rPois   .            U - +0 helmet {SInv}
rElec   +            h - +0 cloak
rCorr   .            p - +0 pair of gloves
SInv    +            L - +0 pair of boots
Will    .....        (no amulet)
Stlth   +++++        (no ring)
HPRegen 0.35/turn    (no ring)
MPRegen 0.20/turn

%: corrode self (3%)
@: studying Polearms, very slow
A: fangs 1, strong nose, distributed training
a: Renounce Religion, Bend Time, Temporal Distortion, Slouch, Step From Time


You were on level 1 of the Lair of Beasts.
You worshipped Cheibriados.
Cheibriados was exalted by your worship.
You visited 3 branches of the dungeon, and saw 13 of its levels.
You also visited: Sewer.

You collected 968 gold pieces.
You spent 146 gold pieces at shops.

Inventory:

Hand Weapons
 i - a +2 dagger of venom
 s - a +0 short sword of draining
 x - a +0 rapier
 N - a +4 shortbow
 S - a +2 heavy spear (weapon)
Missiles
 Y - 8 poisoned darts
Armour
 h - a +0 cloak (worn)
 n - the +1 leather armour of Repulsion (worn) {rElec Str+4 Int+4 Slay+3}
   (You found it on level 2 of the Dungeon)

   Str+4:     It affects your strength (+4).
   Int+4:     It affects your intelligence (+4).
   Slay+3:    It affects your accuracy & damage with ranged weapons and melee
   (+3).
   rElec:     It insulates you from electricity.
 p - a +0 pair of gloves (worn)
 F - a +2 kite shield
 I - the +3 buckler of Somewhere Else (worn) {*Corrode rElec Str+2}
   (You found it on level 7 of the Dungeon)

   Str+2:     It affects your strength (+2).
   rElec:     It insulates you from electricity.
   *Corrode:  It may corrode you when you take damage.
 L - a +0 pair of boots (worn)
 P - a +1 ring mail of cold resistance
 U - a +0 helmet of see invisible (worn)
Magical Staves
 g - a staff of death
 z - a staff of fire
 W - a staff of alchemy
Jewellery
 K - a ring of wizardry
Wands
 o - a wand of flame (45)
 C - a wand of iceblast (9)
 D - a wand of mindburst (32)
 J - a wand of charming (19)
Scrolls
 a - 4 scrolls of revelation {unknown}
 b - a scroll of brand weapon {unknown}
 f - 5 scrolls of teleportation {unknown}
 k - 4 scrolls of fear {unknown}
 m - a scroll of fog {unknown}
 r - 2 scrolls of acquirement {unknown}
 t - 5 scrolls of enchant armour {unknown}
 v - 3 scrolls of immolation {unknown}
 w - 3 scrolls of torment {unknown}
 y - 4 scrolls of blinking
 B - a scroll of amnesia {unknown}
 G - 5 scrolls of vulnerability {unknown}
 H - a scroll of poison {unknown}
 M - 2 scrolls of noise {unknown}
Potions
 c - 2 potions of enlightenment
 d - 2 potions of magic
 e - 4 potions of might
 j - 2 potions of ambrosia
 l - 6 potions of curing
 u - 2 potions of heal wounds
 A - 2 potions of attraction
 E - 3 potions of haste
 O - 2 potions of cancellation
 Q - 2 potions of lignification
 R - 2 potions of mutation {unknown}
 T - a potion of berserk rage
 V - a potion of resistance {unknown}
Miscellaneous
 X - a phial of floods


   Skills:
 + Level 7.2 Fighting
 + Level 7.2 Short Blades
 + Level 7.2 Long Blades
 + Level 7.2 Axes
 + Level 7.2 Maces & Flails
 + Level 9.8 Polearms
 + Level 7.2 Staves
 + Level 7.2 Ranged Weapons
 + Level 7.2 Throwing
 + Level 7.2 Armour
 + Level 8.6 Dodging
 + Level 8.4 Stealth
 + Level 7.2 Shields
 + Level 7.2 Unarmed Combat
 + Level 10.2 Spellcasting
 + Level 6.4 Conjurations
 + Level 6.0 Hexes
 + Level 6.4 Summonings
 + Level 6.0 Necromancy
 + Level 6.4 Translocations
 + Level 6.0 Fire Magic
 + Level 6.0 Ice Magic
 + Level 6.0 Air Magic
 + Level 6.0 Earth Magic
 + Level 6.0 Alchemy
 + Level 7.9 Invocations
 + Level 7.2 Evocations
 + Level 6.6 Shapeshifting


You had 15 spell levels left.
You knew the following spells:

 Your Spells              Type           Power      Damage    Failure   Level
a - Magic Dart            Conj           100%       1d8       1%          1
b - Blink                 Tloc           100%       N/A       1%          2
c - Mephitic Cloud        Conj/Alch/Air  59%        N/A       1%          3
d - Airstrike             Air            29%        2d(5-21)  2%          4
e - Bombard               Conj/Erth      30%        9d5       30%         6

Your spell library contained the following spells:

 Spells                   Type           Power      Damage    Failure   Level
 Apportation              Tloc           100%       N/A       1%          1
 Necrotise                Necr           100%       1d9       1%          1
 Shock                    Conj/Air       100%       1d9       1%          1
 Slow                     Hex            100%       N/A       1%          1
 Sting                    Conj/Alch      100%       1d9       1%          1
 Summon Small Mammal      Summ           100%       N/A       1%          1
 Call Imp                 Summ           100%       N/A       1%          2
 Cigotuvi's Dreadful Rot  Necr/Alch/Air  100%       N/A       1%          2
 Swiftness                Air            59%        N/A       1%          3
 Vhi's Electric Charge    Tloc/Air       100%       N/A       1%          4
 Leda's Liquefaction      Alch/Erth      29%        N/A       2%          4
 Arcjolt                  Conj/Air       30%        1d40      5%          5
 Lee's Rapid Deconstruct  Erth           29%        3d15*     6%          5
 Maxwell's Capacitive Co  Air            29%        ∞         100%        8


Dungeon Overview and Level Annotations

Branches:
Dungeon (11/15)            Temple (1/1) D:4            Lair (1/5) D:10
    Orc (0/2) D:11          Sewer (visited)

Altars:
Ashenzari
Cheibriados
Dithmenos
Elyvilon
Fedhas
Gozag
Hepliaklqana
Kikubaaqudgha
Makhleb
Nemelex Xobeh
Okawaru
Qazlal
Ru
Sif Muna
Trog
Uskayaw
Vehumet
Wu Jian
Xom
Yredelemnul
Zin
The Shining One

Shops:
D:1 !*(   D:3 :   D:6 =   D:9 *


Innate Abilities, Weirdness & Mutations

You have very sharp teeth.
Your uncanny sense of smell can sniff out nearby items.
Your experience applies equally to all skills.


Message History

The steam dragon is moderately wounded.
You are engulfed in a cloud of scalding steam.
The white imp gestures at you. The puff of frost misses you.
You block the steam dragon's attack. The steam dragon completely misses you.
The white imp gestures at you. The puff of frost hits you!
* * * LOW HITPOINT WARNING * * *
You barely miss the steam dragon.
The steam dragon is moderately wounded.
You are engulfed in a cloud of scalding steam.
The white imp hits you.
* * * LOW HITPOINT WARNING * * *
The white imp freezes you.
* * * LOW HITPOINT WARNING * * *
The steam dragon closely misses you. You block the steam dragon's attack.
You block the white imp's attack.
You hit the steam dragon.
The steam dragon is heavily wounded.
The steam dragon bites you but does no damage.
You block the steam dragon's attack.
You puncture the steam dragon!
The steam dragon is almost dead.
You block the white imp's attack. The white imp closely misses you.
The steam dragon completely misses you. The steam dragon misses you.
The white imp completely misses you. You block the white imp's attack.
You impale the steam dragon!!
You kill the steam dragon!
Cheibriados appreciates the change of pace.
The white imp gestures at you. The puff of frost hits you.
* * * LOW HITPOINT WARNING * * *
The white imp gestures at you.
The puff of frost hits you but does no damage.
The white imp gestures at you. The puff of frost hits you!
* * * LOW HITPOINT WARNING * * *
The white imp gestures at you. The puff of frost hits you!
You die...

### ##### ###
###.###..P#
###.#####.........#
.......P..........#
..................#
..................#
.......##.........#
#####+###.........#
#......5@5#
#......5.5#
##.+#.##...#
##>##..#....
....#......
#..#.#......#
#.(........## #.
.....!..# . ......#


You could see 4 white imps.

Vanquished Creatures
  A cyclops (D:11)
  An ugly thing (D:11)
  Maurice (D:11)
  2 cane toads (Lair:1)
  A rime drake (Lair:1)
  2 kobold demonologists (D:11)
  A polar bear (Lair:1)
  A troll (D:11)
  2 shadows
  3 wyverns
  19 yaks
  2 wraiths (D:11)
  A basilisk (D:10)
  A steam dragon (Lair:1)
  8 vampire mosquitoes
  An acid dragon (D:9)
  5 water moccasins
  A swamp drake (D:11)
  2 ice beasts
  4 orc warriors
  A sky beast (D:8)
  A black bear (D:7)
  3 ogres
  6 wolves (Lair:1)
  6 centaurs
  Blork the orc (D:6)
  4 kobold brigands
  9 bullfrogs
  2 scorpions
  A gnoll sergeant (D:10)
  19 killer bees
  3 bombardier beetles
  6 howler monkeys
  3 hounds
  2 jellies
  4 orc priests
  3 iron imps (D:6)
  A sleepcap (D:7)
  Ijyb (D:4)
  4 iguanas
  13 orc wizards
  5 gnolls (D:10)
  5 adders
  A shadow imp (D:6)
  8 white imps
  2 ufetubi (D:5)
  16 dart slugs
  4 ribbon worms
  54 orcs
  20 ball pythons
  13 endoplasms
  16 giant cockroaches
  10 goblins
  7 hobgoblins
  7 jackals
  4 quokkas
  3 bats (D:3)
  19 frilled lizards
  19 kobolds
  5 rats
370 creatures vanquished.

Vanquished Creatures (collateral kills)
  An orc (D:4)
1 creature vanquished.

Vanquished Creatures (others)
  2 white imps (Lair:1)
  An orc (D:4)
3 creatures vanquished.

Grand Total: 374 creatures vanquished

Notes
Turn   | Place    | Note
-------+----------+-------------------------------------------
     0 | D:1      | Ashen the Gnoll Hedge Wizard began the quest for the Orb.
     0 | D:1      | Reached XP level 1. HP: 13/13 MP: 8/8
   150 | D:1      | Found Cezadgh's Distillery.
   167 | D:1      | Reached XP level 2. HP: 19/19 MP: 0/10
   456 | D:1      | Found Nonoh's Weapon Shop.
   512 | D:1      | Found Ommeju's Assorted Antiques.
   813 | D:1      | Reached XP level 3. HP: 25/25 MP: 7/11
   920 | D:1      | Bought a scroll labelled QUIGAU ZOPAV for 25 gold pieces
  1162 | D:2      | Identified the +1 leather armour of Repulsion {rElec Str+4
                  | Int+4 Slay+3}
  1343 | D:1      | Reached skill level 1 in Invocations
  1602 | D:2      | Reached skill level 1 in Fighting
  1602 | D:2      | Reached skill level 1 in Short Blades
  1602 | D:2      | Reached skill level 1 in Long Blades
  1602 | D:2      | Reached skill level 1 in Axes
  1602 | D:2      | Reached skill level 1 in Maces & Flails
  1602 | D:2      | Reached skill level 1 in Polearms
  1602 | D:2      | Reached skill level 1 in Staves
  1602 | D:2      | Reached skill level 1 in Ranged Weapons
  1602 | D:2      | Reached skill level 1 in Throwing
  1602 | D:2      | Reached skill level 1 in Armour
  1602 | D:2      | Reached skill level 1 in Shields
  1602 | D:2      | Reached skill level 1 in Unarmed Combat
  1602 | D:2      | Reached skill level 1 in Evocations
  2172 | D:3      | Reached skill level 1 in Shapeshifting
  2172 | D:3      | Reached XP level 4. HP: 32/32 MP: 13/13
  2393 | D:3      | Reached skill level 1 in Hexes
  2393 | D:3      | Reached skill level 1 in Necromancy
  2393 | D:3      | Reached skill level 1 in Fire Magic
  2393 | D:3      | Reached skill level 1 in Ice Magic
  2393 | D:3      | Reached skill level 1 in Air Magic
  2393 | D:3      | Reached skill level 1 in Earth Magic
  2393 | D:3      | Reached skill level 1 in Alchemy
  2486 | D:3      | Learned a level 2 spell: Blink
  2490 | D:3      | Learned a level 3 spell: Mephitic Cloud
  2547 | D:3      | Found Niugesos's Book Shop.
  3203 | D:4      | Reached XP level 5. HP: 28/37 MP: 1/14
  3376 | D:4      | Noticed Ijyb
  3394 | D:4      | Killed Ijyb
  3551 | D:4      | Reached XP level 6. HP: 15/44 MP: 2/16
  3906 | D:4      | Reached skill level 5 in Dodging
  4093 | D:4      | Found a staircase to the Ecumenical Temple.
  4102 | Temple   | Entered the Ecumenical Temple
  4111 | Temple   | Became a worshipper of Cheibriados the Contemplative
  4169 | D:5      | Entered Level 5 of the Dungeon
  4661 | D:5      | Found a glowing drain.
  4683 | Sewer    | Entered a sewer
  4727 | Sewer    | Reached * piety under Cheibriados
  4754 | Sewer    | Reached XP level 7. HP: 50/50 MP: 18/18
  5024 | Sewer    | Reached ** piety under Cheibriados
  5427 | D:5      | Reached skill level 5 in Stealth
  6006 | D:6      | Noticed Blork the orc
  6016 | D:6      | Reached XP level 8. HP: 36/58 MP: 7/19
  6019 | D:6      | Killed Blork the orc
  6248 | D:6      | Reached *** piety under Cheibriados
  6256 | D:6      | Reached skill level 8 in Spellcasting
  6484 | D:6      | Learned a level 4 spell: Airstrike
  6541 | D:6      | Found Kousavif's Jewellery Shoppe.
  6652 | D:6      | Found a shadowy altar of Dithmenos.
  6932 | D:6      | Found a burning altar of Makhleb.
  7243 | D:7      | Reached XP level 9. HP: 65/65 MP: 14/21
  7308 | D:7      | Reached **** piety under Cheibriados
  7409 | D:7      | Found an ornate altar of the Wu Jian Council.
  7449 | D:7      | Identified the +3 buckler of Somewhere Else {*Corrode rElec
                  | Str+2}
  7496 | D:7      | Reached skill level 5 in Polearms
  8890 | D:8      | Found a shimmering blue altar of Sif Muna.
  9045 | D:8      | Reached skill level 5 in Invocations
  9099 | D:8      | Found a white marble altar of Elyvilon.
  9099 | D:8      | Found a radiant altar of Vehumet.
  9582 | D:8      | Found a bloodstained altar of Trog.
  9605 | D:8      | Found a glowing golden altar of the Shining One.
  9606 | D:8      | Found a blossoming altar of Fedhas.
  9611 | D:8      | Found a shimmering altar of Xom.
  9614 | D:8      | Found a stormy altar of Qazlal.
  9616 | D:8      | Found a sacrificial altar of Ru.
  9617 | D:8      | Found a glowing silver altar of Zin.
  9637 | D:8      | Found a hide-covered altar of Uskayaw.
  9641 | D:8      | Found a broken altar of Ashenzari.
  9642 | D:8      | Found an ancient bone altar of Kikubaaqudgha.
 10019 | D:9      | Reached ***** piety under Cheibriados
 10125 | D:9      | Reached skill level 5 in Fighting
 10125 | D:9      | Reached skill level 5 in Short Blades
 10125 | D:9      | Reached skill level 5 in Long Blades
 10125 | D:9      | Reached skill level 5 in Axes
 10125 | D:9      | Reached skill level 5 in Maces & Flails
 10125 | D:9      | Reached skill level 5 in Staves
 10125 | D:9      | Reached skill level 5 in Ranged Weapons
 10125 | D:9      | Reached skill level 5 in Throwing
 10125 | D:9      | Reached skill level 5 in Armour
 10125 | D:9      | Reached skill level 5 in Shields
 10125 | D:9      | Reached skill level 5 in Unarmed Combat
 10125 | D:9      | Reached skill level 5 in Evocations
 10125 | D:9      | Reached XP level 10. HP: 74/74 MP: 17/22
 10198 | D:9      | Reached skill level 9 in Spellcasting
 10297 | D:9      | Found Quisysmu's Assorted Antiques.
 10329 | D:9      | Reached skill level 5 in Conjurations
 10329 | D:9      | Reached skill level 5 in Summonings
 10329 | D:9      | Reached skill level 5 in Translocations
 10356 | D:9      | Bought a cyan potion for 23 gold pieces
 10356 | D:9      | Bought a scroll labelled ZUIQACVEHIEXT for 26 gold pieces
 10356 | D:9      | Bought a scroll labelled CAMUILOCVOXT for 26 gold pieces
 10356 | D:9      | Bought 2 metallic dark potions for 46 gold pieces
 10809 | D:10     | Entered Level 10 of the Dungeon
 10833 | D:10     | Reached skill level 5 in Shapeshifting
 10879 | D:10     | Found a staircase to the Lair.
 11456 | D:10     | Reached skill level 5 in Hexes
 11456 | D:10     | Reached skill level 5 in Necromancy
 11456 | D:10     | Reached skill level 5 in Fire Magic
 11456 | D:10     | Reached skill level 5 in Ice Magic
 11456 | D:10     | Reached skill level 5 in Air Magic
 11456 | D:10     | Reached skill level 5 in Earth Magic
 11456 | D:10     | Reached skill level 5 in Alchemy
 11458 | D:10     | Reached XP level 11. HP: 60/81 MP: 22/24
 11968 | D:11     | Noticed Maurice
 11970 | D:11     | Reached ****** piety under Cheibriados
 11976 | D:11     | Killed Maurice
 12016 | D:11     | Noticed a cyclops
 12020 | D:11     | Noticed a purple ugly thing
 12025 | D:11     | Killed a cyclops
 12028 | D:11     | Killed a purple ugly thing
 12627 | D:11     | Reached skill level 10 in Spellcasting
 12629 | D:11     | Found a staircase to the Orcish Mines.
 13002 | Lair:1   | Entered Level 1 of the Lair of Beasts
 13079 | Lair:1   | Learned a level 6 spell: Bombard
 13344 | Lair:1   | Reached XP level 12. HP: 40/91 MP: 26/26
 13769 | Lair:1   | Killed from afar by a white imp

Illustrated notes

Levels and vault maps discovered:
D:1:      saegor_arrival_under_anarchy, layout_basic, serial_shops, shop, shop,
          nicolae_shop_tiny_glass, minmay_statues_item
D:2:      layout_loops_ring, minivault_27
D:3:      kennysheep_six_static_rooms, layout_loops_ring, serial_shops,
          nicolae_shop_gibbet_a_chance
D:4:      layout_rooms, minmay_temple_entry_poolview, uniq_ijyb
D:5:      layout_layer_cave, cheibrodos_sewer_entry_bend,
          nicolae_ossuary_entry_plus, nicolae_titane
D:6:      layout_basic, demons_altar, general_overflow_altar, serial_shops,
          kennysheep_little_box, dk_vineyard_2, hangedman_decor_peaks_small,
          minmay_manual_mares, uniq_blork_the_orc
D:7:      layout_layer_cave, nicolae_overflow_crystal_walls, dk_rats_in_the_wall
D:8:      layout_loops_ring, lemuel_coloured_pillars_altar,
          nicolae_overflow_hallway_of_the_gods, nicolae_overflow_two_pavilions,
          serial_aquarium, aquarium_bridge_long_separate
          [aquarium_subvault_bridge, aquarium_subvault_wall,
          aquarium_subvault_bridge, aquarium_subvault_balcony,
          aquarium_subvault_bridge, aquarium_subvault_bridge],
          aquarium_window_corner, aquarium_window_fake, aquarium_view_2b,
          aquarium_pool_2
D:9:      layout_basic, serial_shops, nicolae_shop_dealshenge
D:10:     layout_long_grid, due_lair_maze_entry_diamond, bh_walls_and_bars
D:11:     layout_cave_pools, erik_orc_1, minmay_diced_spiral, uniq_maurice
Temple:   hellmonk_temple_two_chambers
Lair:1:   layout_roguey, portal_ice_cave_entry_imps

Skill      XL: |  1  2  3  4  5  6  7  8  9 10 11 12 |
---------------+-------------------------------------+-----
Conjurations   | 2 3 4 5 6 |  6.4
Summonings     | 2 3 4 5 6 |  6.4
Translocations | 2 3 4 5 6 |  6.4
Invocations    | 1 2 3 4 5 6 7 |  7.9
Fighting       | 1 2 3 5 6 7 |  7.2
Short Blades   | 1 2 3 5 6 7 |  7.2
Long Blades    | 1 2 3 5 6 7 |  7.2
Axes           | 1 2 3 5 6 7 |  7.2
Maces & Flails | 1 2 3 5 6 7 |  7.2
Polearms       | 1 2 3 4 6 8 9 |  9.8
Staves         | 1 2 3 5 6 7 |  7.2
Ranged Weapons | 1 2 3 5 6 7 |  7.2
Throwing       | 1 2 3 5 6 7 |  7.2
Armour         | 1 2 3 5 6 7 |  7.2
Shields        | 1 2 3 5 6 7 |  7.2
Unarmed Combat | 1 2 3 5 6 7 |  7.2
Evocations     | 1 2 3 5 6 7 |  7.2
Shapeshifting  | 1 2 3 4 5 6 |  6.6
Hexes          | 1 2 3 4 5 6 |  6.0
Necromancy     | 1 2 3 4 5 6 |  6.0
Fire Magic     | 1 2 3 4 5 6 |  6.0
Ice Magic      | 1 2 3 4 5 6 |  6.0
Air Magic      | 1 2 3 4 5 6 |  6.0
Earth Magic    | 1 2 3 4 5 6 |  6.0
Alchemy        | 1 2 3 4 5 6 |  6.0
Dodging        | 5 6 7 8 |  8.6
Stealth        | 5 6 7 8 |  8.4
Spellcasting   | 8 9 10 | 10.2

Action                     |  1- 3 |  4- 6 |  7- 9 | 10-12 || total
---------------------------+-------+-------+-------+-------++-------
  Melee: Dagger            |    20 |   121 |   243 |    83 ||   467
         Short sword       |     4 |       |       |       ||     4
         Bite              |     1 |     8 |    24 |    39 ||    72
         Rapier            |       |       |    17 |       ||    17
         Spear             |       |       |       |   255 ||   255
   Cast: Magic Dart        |    87 |   108 |   181 |    12 ||   388
         Mephitic Cloud    |       |     2 |    15 |     4 ||    21
         Airstrike         |       |       |     5 |    27 ||    32
         Blink             |       |       |     1 |       ||     1
 Invoke: Slouch            |       |       |       |     2 ||     2
  Evoke: Wand              |       |     1 |       |     4 ||     5
    Use: Scroll            |       |       |       |    11 ||    11
         Potion            |       |       |       |     1 ||     1
   Stab: Sleeping          |     2 |     5 |     7 |     7 ||    21
         Confused          |       |       |    11 |    10 ||    21
         Distracted        |       |       |     1 |     2 ||     3
 Armour: Robe              |     6 |       |       |       ||     6
         Leather armour    |     4 |    45 |   102 |   134 ||   285
  Dodge: Dodged            |    19 |    73 |   169 |   218 ||   479
  Block: Buckler           |       |    16 |    84 |   180 ||   280
